 Dungeon Crawl Stone Soup version 0.32-a0-433-g08bcfe7efd (webtiles) character file.

Game seed: 11305996410554506918

44 CougarLife the Digger (level 3, -1/19 HPs)
             Began as a Gargoyle Earth Elementalist on Feb 23, 2024.
             Slain by a goblin
             ... wielding a +0 club
             ... led by Robin
              (3 damage)
             ... on level 2 of the Dungeon.
             The game lasted 00:01:14 (1420 turns).

CougarLife the Digger (Gargoyle Earth Elementalist) Turns: 1420, Time: 00:01:15

Health: -1/19      AC:  6    Str: 11    XL:     3   Next: 60%
Magic:  4/7        EV: 11    Int: 17    God:
Gold:   76         SH:  0    Dex: 10    Spells: 6/7 levels left

rFire   . . .        g - +0 dagger
rCold   . . .        (no shield)
rNeg    + . .        a - +0 robe
rPois   ∞            (no helmet)
rElec   +            (no cloak)
rCorr   .            (no gloves)
SInv    .            j - +0 pair of boots
Will    .....        (no amulet)
Stlth   ++           (no ring)
HPRegen 0.23/turn    (no ring)
MPRegen 0.10/turn

%: no passive effects
@: no status effects
A: sickness immunity, AC +3, negative energy resistance 1, electricity
resistance, torment resistance 1, petrification resistance
a: no special abilities


You were on level 2 of the Dungeon.
You visited 1 branch of the dungeon, and saw 2 of its levels.

You collected 76 gold pieces.

Inventory:

Hand Weapons
 g - a +0 dagger (weapon)
Armour
 a - a +0 robe (worn)
 j - a +0 pair of boots (worn)
Scrolls
 c - 2 scrolls of blinking {unknown}
 e - a scroll of poison {unknown}
 f - 2 scrolls of amnesia {unknown}
 h - a scroll of fear {unknown}
 m - a scroll of identify {unknown}
Potions
 b - a potion of magic
 d - a potion of brilliance {unknown}
 i - a potion of attraction {unknown}
 k - 3 potions of mutation {unknown}
 l - a potion of curing {unknown}


   Skills:
 - Level 1.5 Dodging
 - Level 2.1 Stealth
 + Level 2.6 Spellcasting
 + Level 2.2 Conjurations
 + Level 4.3 Earth Magic


You had 6 spell levels left.
You knew the following spells:

 Your Spells              Type           Power      Damage    Failure   Level
a - Sandblast             Erth           32%        2d9       3%          1

Your spell library contained the following spells:

 Spells                   Type           Power      Damage    Failure   Level
 Passwall                 Erth           16%        N/A       10%         3
 Stone Arrow              Conj/Erth      26%        3d8       14%         3
 Apportation              Tloc           4%         N/A       19%         1
 Jinxbite                 Hex            4%         N/A       28%         2
 Brom's Barrelling Bould  Conj/Erth      13%        2d4       43%         4
 Summon Ice Beast         Ice/Summ       2%         N/A       50%         3
 Petrify                  Alch/Erth      9%         N/A       58%         4
 Alistair's Intoxication  Alch           1%         N/A       99%         5
 Summon Mana Viper        Hex/Summ       2%         N/A       99%         5
 Monstrous Menagerie      Summ           1%         N/A       100%        7


Dungeon Overview and Level Annotations

Branches:
Dungeon (2/15)

Altars:

Annotations:
D:2 Robin


Innate Abilities, Weirdness & Mutations

You are immune to sickness and miasma.
Your stone body is resilient. (AC +3)
You are immune to poison.
You resist negative energy. (rN+)
You are resistant to electric shocks. (rElec)
You are resistant to unholy torment.
You are immune to petrification.


Message History

The goblin no longer looks unusually strong.
The goblin attacks as it pursues you! The goblin closely misses you.
The goblin attacks as it pursues you! The goblin hits you but does no damage.
The goblin attacks as it pursues you!
The goblin hits you with a +2 dagger of venom.
The goblin attacks as it pursues you! The goblin hits you with a +0 dagger.
There is a stone staircase leading up here.
The goblin attacks as it pursues you!
The goblin hits you with a +2 dagger of venom.
The goblin attacks as it pursues you! The goblin closely misses you.
The goblin no longer looks unusually strong.
The goblin attacks as it pursues you! The goblin hits you but does no damage.
The goblin barely misses you. x2
The goblin hits you but does no damage. Robin throws the goblin at you!
The kobold hits you but does no damage. The goblin hits you but does no damage.
Robin roars a battlecry!
The goblins go into a battle-frenzy!
The goblin attacks as it pursues you! The goblin closely misses you.
The goblin attacks as it pursues you! The goblin hits you but does no damage.
Robin throws the goblin at you! The kobold barely misses you.
The goblin barely misses you. Robin throws the goblin at you!
The goblin attacks as it pursues you! The goblin hits you with a +0 dagger.
The goblin barely misses you. The goblin attacks as it pursues you!
The goblin closely misses you. The goblin attacks as it pursues you!
The goblin hits you but does no damage. The goblin hits you with a +0 club.
The kobold attacks as it pursues you! The kobold misses you.
The kobold attacks as it pursues you! The kobold hits you but does no damage.
The goblin attacks as it pursues you! The goblin hits you but does no damage.
Robin throws the goblin at you! The goblin barely misses you.
The goblin hits you with a +2 dagger of venom.
The goblin attacks as it pursues you! The goblin hits you but does no damage.
The goblin hits you but does no damage. The goblin attacks as it pursues you!
The goblin closely misses you. Robin throws the goblin at you!
The goblin attacks as it pursues you! The goblin hits you with a +0 club.
* * * LOW HITPOINT WARNING * * *
The goblin hits you with a +0 club.
You die...

# # #### ###########
...########........÷#
#r.g)gg.............#
##.########.........#
##.# #.........##
...# ####.†...<....##
####
#....##..@g...(##
#....#.......÷..#
#....#..gg......#
#....#[.gK......#
#....#......>...#
.....#...g......#
.#....##........##
..#....#..........#
#.....(....#


You could see Robin, 4 goblins and a kobold.

Vanquished Creatures
  An adder (D:2)
  3 bats (D:1)
  4 endoplasms
  A giant cockroach (D:1)
  6 hobgoblins
  2 quokkas
  3 ball pythons
  2 goblins (D:2)
  6 kobolds (D:1)
  5 rats (D:1)
33 creatures vanquished.

Notes
Turn   | Place    | Note
-------+----------+-------------------------------------------
     0 | D:1      | CougarLife the Gargoyle Earth Elementalist began the quest
                  | for the Orb.
     0 | D:1      | Reached XP level 1. HP: 10/10 MP: 3/3
   262 | D:1      | Reached XP level 2. HP: 15/15 MP: 1/5
   660 | D:1      | Found a faded altar of an unknown god.
   778 | D:1      | Reached skill level 4 in Earth Magic
   941 | D:1      | Reached XP level 3. HP: 19/19 MP: 4/6
  1346 | D:2      | Noticed Robin
  1420 | D:2      | Slain by a goblin

Illustrated notes

Levels and vault maps discovered:
D:1:      co_arrival_square_in_a_square_in_a_square, layout_basic,
          ebering_ecumenical_altar_mist, minmay_ruptured
D:2:      layout_rooms, uniq_robin

Skill      XL: |  1  2  3 |
---------------+----------+-----
Earth Magic    | 4 |  4.3
Conjurations   | 2 |  2.2
Dodging        | |  1.5
Stealth        | |  2.1
Spellcasting   | |  2.6

Action                     || total
---------------------------++-------
  Melee: Dagger            ||    14
         Unarmed           ||     1
   Cast: Sandblast         ||    39
   Stab: Sleeping          ||     1
 Armour: Robe              ||    48
  Dodge: Dodged            ||    46

Table legend: (Time is in decaauts)
 A = Elapsed time spent in this place.
 B = Non-inter-level travel time spent in this place.
 C = Inter-level travel time spent in this place.
 D = Time resting spent in this place.
 E = Time spent auto-exploring this place.
 F = Levels seen in this place.
 G = Mean time per level.
                   A        B        C        D        E       F      G
               +--------+--------+--------+--------+--------+-----+--------+
         Total |   1438 |   1359 |     79 |      0 |   1124 |   2 |  719.0 |
       Dungeon |   1438 |   1359 |     79 |      0 |   1124 |   2 |  719.0 |
               +--------+--------+--------+--------+--------+-----+--------+

Top non-repeatable levels by time:
     D:1: 1183 daAuts
     D:2: 255 daAuts
